[Event "Team 45 45 League T46"]
[Site "Internet Chess Club"]
[Date "2010.08.22"]
[Round "3"]
[White "Deau"]
[Black "Tobiasdelmonte"]
[Result "0-1"]
[WhiteElo "1586"]
[BlackElo "1822"]
[Opening "Alekhine's defense: modern variation"]
[ECO "B04"]
[Time "10:11:54"]
[TimeControl "2700+45"]

1. e4 Nf6 2. e5 Nd5 3. d4 d6 4. Nf3 Nc6 5. Be2 g6 6. b3 Bg7 7. Bb2 Nf4 8. O-O
O-O 9. Na3 Bg4 10. Re1 dxe5 11. Nxe5 Nxe2+ 12. Rxe2 Nxe5 13. f3 Nxf3+ 14. gxf3
Bxf3 15. c3 e5 16. Nc2 Qg5+ 17. Kf1 Rfe8 18. Qe1 Bxe2+ 19. Qxe2 exd4 20. Qd3
Qf4+ 21. Kg2 dxc3 22. Bc1 Qg4+ 23. Kf2 Rad8 24. Ne3 Qf4+ {White resigns} 0-1

[Event "Team 45 45 League T46"]
[Site "Internet Chess Club"]
[Date "2010.08.19"]
[Round "3"]
[White "vaknight"]
[Black "edelgado"]
[Result "0-1"]
[WhiteElo "1696"]
[BlackElo "1573"]
[Opening "Bird: From gambit, Lasker variation"]
[ECO "A02"]
[Time "20:02:36"]
[TimeControl "2700+45"]

1. f4 e5 2. fxe5 d6 3. exd6 Bxd6 4. Nf3 g5 5. g3 g4 6. Nh4 Ne7 7. d4 Ng6 8. Ng2
Nc6 9. e4 Nxd4 10. Nd2 Qf6 11. Be2 Be6 12. c3 Nxe2 13. Qxe2 O-O-O 14. Rf1 Qe7
15. Ne3 Ne5 16. Kd1 Bc5 17. Kc2 Rhe8 18. Nf5 Bxf5 19. exf5 f6 20. Nb3 Bb6 21.
Bd2 Nf3 22. Qxe7 Rxe7 23. h3 h5 24. Rad1 Re2 25. hxg4 hxg4 26. Kc1 Nxd2 {White
resigns} 0-1

[Event "Team 45 45 League T46"]
[Site "Internet Chess Club"]
[Date "2010.08.24"]
[Round "3"]
[White "BraafPaard"]
[Black "Egmont"]
[Result "0-1"]
[WhiteElo "1574"]
[BlackElo "1685"]
[Opening "Sicilian: Grand Prix attack"]
[ECO "B23"]
[Time "09:00:09"]
[TimeControl "2700+45"]

1. e4 c5 2. Nc3 Nc6 3. f4 g6 4. Nf3 Bg7 5. Bc4 e6 6. O-O Nge7 7. a3 O-O 8. d3 d5
9. exd5 Nxd5 10. Nxd5 exd5 11. Ba2 Qd6 12. c3 d4 13. c4 Bf5 14. Bb1 a5 15. Nh4
Bd7 16. Qb3 b6 17. Qd1 Ne7 18. Bc2 Nf5 19. Nxf5 Bxf5 20. a4 Rae8 21. Qf3 h5 22.
h3 Re7 23. Bd2 Rfe8 24. Rae1 Bf6 25. Rxe7 Rxe7 26. Re1 Bh4 27. Rxe7 Qxe7 28. Kf1
Bd7 29. Qb7 Qd6 30. Qf3 Bc6 31. Qe2 Bg3 32. f5 Qf6 33. Kg1 Qxf5 34. Be1 Qg5 35.
Bd2 Bf4 36. Be1 Be3+ 37. Kh1 Qf5 38. b3 Qxh3# {White checkmated} 0-1

[Event "Team 45 45 League T46"]
[Site "Internet Chess Club"]
[Date "2010.08.22"]
[Round "3"]
[White "Karpyan"]
[Black "Despair"]
[Result "0-1"]
[WhiteElo "1880"]
[BlackElo "2020"]
[Opening "Queen's pawn: English defense"]
[ECO "A40"]
[Time "12:04:54"]
[TimeControl "2700+45"]

1. d4 b6 2. c4 Bb7 3. Nc3 g6 4. Nf3 Bg7 5. e4 c5 6. d5 d6 7. Be2 Nd7 8. O-O Ngf6
9. Ng5 O-O 10. f4 h6 11. Nh3 Re8 12. Be3 e6 13. Bf2 exd5 14. exd5 Qe7 15. Bf3
Qf8 16. Qc2 Kh7 17. Nb5 Rec8 18. Rae1 a6 19. Nc3 Re8 20. Bg3 Rxe1 21. Rxe1 Re8
22. Qd2 Rxe1+ 23. Qxe1 Ng8 24. Nf2 Ne7 25. Nfe4 Nf5 26. Bf2 Nd4 27. Bd1 b5 28.
b3 bxc4 29. bxc4 Nb6 30. Be2 Nxe2+ 31. Qxe2 f5 32. Qb2 Nxc4 33. Qxb7 fxe4 34.
Qxa6 Qxf4 35. Ne2 Qd2 36. Ng3 Qd1+ 37. Nf1 e3 38. Qxc4 e2 39. Be1 Bd4+ {White
resigns} 0-1

[Event "Team 45 45 League T46"]
[Site "Internet Chess Club"]
[Date "2010.08.22"]
[Round "3"]
[White "tsia68"]
[Black "bondguy01"]
[Result "1-0"]
[WhiteElo "1861"]
[BlackElo "1692"]
[Opening "French: King's Indian attack"]
[ECO "C00"]
[Time "14:02:14"]
[TimeControl "2700+45"]

1. e4 e6 2. d3 d5 3. Nd2 c5 4. g3 Nc6 5. Bg2 g6 6. Ngf3 Bg7 7. O-O Nge7 8. Re1
b6 9. c3 O-O 10. h4 Bb7 11. e5 Qc7 12. Qe2 Rad8 13. Nf1 d4 14. c4 a6 15. Bf4
Rfe8 16. h5 h6 17. hxg6 Nxg6 18. N1h2 Nxf4 19. gxf4 Ne7 20. Nd2 Nf5 21. Qh5 Bxg2
22. Kxg2 Kh7 23. Nhf3 Qb7 24. Ne4 Kg8 25. Kh2 Kf8 26. Rg1 Ke7 27. Nh4 Rg8 28.
Nxf5+ exf5 29. Nd6 Rxd6 30. exd6+ Kxd6 31. Qxf5 Qe7 32. Qh5 Kc7 33. Rae1 Qf6 34.
Re4 Qd6 35. Qxf7+ {Black resigns} 1-0

[Event "Team 45 45 League T46"]
[Site "Internet Chess Club"]
[Date "2010.08.23"]
[Round "3"]
[White "Portola"]
[Black "PJ"]
[Result "0-1"]
[WhiteElo "1859"]
[BlackElo "1719"]
[Opening "King's pawn game"]
[ECO "C44"]
[Time "18:00:46"]
[TimeControl "2700+45"]

1. e4 e5 2. Nf3 Nc6 3. d3 Nf6 4. Be2 Be7 5. Nbd2 d6 6. Nf1 Bg4 7. Ng3 g6 8. Bh6
Bxf3 9. Bxf3 Nd4 10. c3 Nxf3+ 11. Qxf3 Rg8 12. Bg5 Nd7 13. Be3 Bg5 14. d4 Bxe3
15. Qxe3 Qe7 16. a4 c5 17. d5 f6 18. Qe2 Kf7 19. Nf1 Rgc8 20. Ne3 b6 21. O-O Rc7
22. Nc4 Rac8 23. Qg4 Nf8 24. f4 Kg7 25. Rf2 Qd7 26. Qg3 Re8 27. Raf1 Qd8 28. f5
g5 29. h4 h6 30. hxg5 hxg5 31. Qg4 Kg8 32. Rf3 Ree7 33. Rh3 Rh7 34. Rff3 Rxh3
35. Rxh3 Rh7 36. Rxh7 Kxh7 37. Qh5+ Kg7 38. b3 Qe7 39. Kh1 Nd7 40. Ne3 Qf7 41.
Qg4 Kf8 42. g3 Qh7+ 43. Kg2 Qf7 44. Qe2 Nb8 45. Qg4 Qh7 46. Nc4 Ke7 47. Na3 a5
48. Qe2 Qh8 49. Nc4 Nd7 50. Na3 Qh6 51. Nb5 Qh8 52. Nc7 Qh6 53. Ne6 Qh8 54. Qf3
Qh6 55. Nc7 Qh8 56. Nb5 Qh6 57. Na3 Qh8 58. Nc2 Qh6 59. b4 axb4 60. cxb4 g4 61.
Qf2 cxb4 62. Nxb4 Nc5 63. Nc6+ Ke8 64. Qe1 Nxa4 65. Kg1 Nc5 66. Nb4 Nb3 67. Nd3
Qd2 68. Qb1 Qe3+ 69. Kh1 Qxe4+ 70. Kg1 Qe3+ 71. Kh2 Nd2 72. Ne1 Nxb1 {White
resigns} 0-1

[Event "Team 45 45 League T46"]
[Site "Internet Chess Club"]
[Date "2010.08.22"]
[Round "3"]
[White "room-matt"]
[Black "Lionskins"]
[Result "0-1"]
[WhiteElo "1644"]
[BlackElo "1593"]
[Opening "Queen's pawn game"]
[ECO "A45"]
[Time "04:01:12"]
[TimeControl "2700+45"]

1. d4 Nf6 2. Nc3 c6 3. Bg5 Qb6 4. Rb1 d5 5. f3 Nbd7 6. e4 e6 7. e5 h6 8. Bh4 Nh5
9. a3 c5 10. Na4 Qa5+ 11. c3 cxd4 12. b4 Qc7 13. cxd4 b6 14. Nh3 g5 15. Bf2 Ng7
16. Rc1 Qb8 17. Nc3 a6 18. Bd3 a5 19. Qb3 Ra7 20. O-O a4 21. Qc2 Kd8 22. g4 Be7
23. f4 Nf8 24. f5 f6 25. Bg3 Qb7 26. Nb5 Bd7 27. Nxa7 Qxa7 28. Bb5 Qb7 29. Qxa4
Ne8 30. Rc2 Nc7 31. exf6 Nxb5 32. fxe7+ Kxe7 33. f6+ Kf7 34. Rd2 Nd6 35. Qc2 Ne4
36. Rdd1 Nxg3 37. hxg3 Qb8 38. Rf3 Ng6 39. Nf2 e5 40. Qb3 Be6 41. Rc3 Rc8 42.
Rxc8 Qxc8 43. Rf1 exd4 44. Qd3 Qc4 45. Qxc4 dxc4 46. Ne4 Ne5 47. Nd6+ Kg6 48. a4
c3 49. a5 bxa5 50. bxa5 c2 51. a6 d3 52. a7 Bd5 53. f7 Nxf7 54. Nxf7 d2 {White
resigns} 0-1

[Event "Team 45 45 League T46"]
[Site "Internet Chess Club"]
[Date "2010.08.20"]
[Round "3"]
[White "Troparion"]
[Black "MeoPatacca"]
[Result "1-0"]
[WhiteElo "1824"]
[BlackElo "1841"]
[Opening "Queen's pawn, Mason variation"]
[ECO "D00"]
[Time "15:32:05"]
[TimeControl "2700+45"]

1. d4 d5 2. Bf4 Nc6 3. Nf3 Bf5 4. c3 e6 5. e3 Bd6 6. Bb5 Ne7 7. Nbd2 O-O 8. Qe2
f6 9. Bxd6 cxd6 10. e4 dxe4 11. Nxe4 e5 12. dxe5 Bxe4 13. Qxe4 dxe5 14. O-O Qd5
15. Bc4 {Black resigns} 1-0

[Event "Team 45 45 League T46"]
[Site "Internet Chess Club"]
[Date "2010.08.19"]
[Round "3"]
[White "Magagna"]
[Black "alexping"]
[Result "0-1"]
[WhiteElo "1851"]
[BlackElo "1842"]
[Opening "Old Indian defense"]
[ECO "A42"]
[Time "12:13:17"]
[TimeControl "2700+45"]

1. d4 d6 2. c4 e5 3. dxe5 dxe5 4. Qxd8+ Kxd8 5. Nc3 c6 6. Bg5+ f6 7. Bd2 Be6 8.
e3 Nd7 9. Nf3 Nb6 10. b3 Bd6 11. Ne4 Bc7 12. Nc5 Bc8 13. a4 Bd6 14. Ne4 Be7 15.
b4 Be6 16. c5 Nc4 17. Bc3 Bd5 18. Ned2 Nxd2 19. Nxd2 Nh6 20. h3 Kc7 21. O-O-O a5
22. e4 Be6 23. b5 Bxc5 24. f3 Rhd8 25. Bc4 Bxc4 26. Nxc4 cxb5 27. Rxd8 Rxd8 28.
Nxa5 bxa4 29. Nc4 b6 30. Kb2 Nf7 31. Ra1 Ra8 32. g4 Nd6 33. Nd2 Nb5 34. Rc1 Nxc3
35. Kxc3 b5 36. h4 Kb6 37. Kb2 Bd4+ 38. Ka2 Be3 39. Rc2 Rd8 40. Nb1 b4 41. Re2
Rd3 42. g5 fxg5 43. hxg5 Bxg5 44. f4 Bxf4 45. Ka1 h5 46. Rg2 g5 47. Rb2 Kc5 48.
Rc2+ Kd4 49. Rb2 Rb3 50. Nd2 Rxb2 {White resigns} 0-1

[Event "Team 45 45 League T46"]
[Site "Internet Chess Club"]
[Date "2010.08.21"]
[Round "3"]
[White "rubo"]
[Black "gerailen0075"]
[Result "1/2-1/2"]
[WhiteElo "1738"]
[BlackElo "1789"]
[Opening "Bird's opening"]
[ECO "A03"]
[Time "20:00:35"]
[TimeControl "2700+45"]

1. f4 d5 2. Nf3 Bg4 3. e3 e6 4. h3 Bxf3 5. Qxf3 Nd7 6. Nc3 Ngf6 7. b3 Bb4 8. Bb2
Bxc3 9. Bxc3 Ne4 10. O-O-O Nxc3 11. dxc3 Qf6 12. Kb2 Nc5 13. Bd3 c6 14. e4 dxe4
15. Bxe4 Nxe4 16. Qxe4 O-O 17. Rd7 Rab8 18. Rhd1 Rfd8 19. Qd4 Rxd7 20. Qxd7 h6
21. Qc7 Rf8 22. Qxb7 Qxf4 23. Qxc6 Qf2 24. Rd7 g6 25. b4 Qb6 26. Qxb6 axb6 27.
a4 Rb8 28. c4 Kg7 29. Rc7 Kf6 30. c3 e5 31. c5 bxc5 32. Rxc5 e4 33. Kc2 Rd8 34.
Rc4 Ke5 35. a5 f5 36. Rd4 Rxd4 37. cxd4+ Kxd4 38. Kd2 Kd5 39. a6 Kc6 40. b5+ Kb6
41. g3 h5 42. h4 Ka7 43. Ke3 Kb6 44. Kd4 Ka7 45. Ke3 Kb6 {Game drawn by mutual
agreement} 1/2-1/2

[Event "Team 45 45 League T46"]
[Site "Internet Chess Club"]
[Date "2010.08.20"]
[Round "3"]
[White "TwoEqualsOne"]
[Black "misuc56"]
[Result "1-0"]
[WhiteElo "1734"]
[BlackElo "1797"]
[Opening "QGD: 3.Nc3"]
[ECO "D31"]
[Time "19:00:23"]
[TimeControl "2700+45"]

1. d4 d5 2. c4 e6 3. Nc3 f5 4. cxd5 exd5 5. Bf4 c6 6. e3 Nf6 7. Nf3 Bd6 8. Bxd6
Qxd6 9. Bd3 O-O 10. O-O a6 11. Ne5 Ne4 12. Ne2 Nd7 13. Nxd7 Bxd7 14. Qb3 Kh8 15.
Qc2 Rae8 16. Nf4 g5 17. Ne2 g4 18. Nf4 Rg8 19. Rae1 Ref8 20. f3 gxf3 21. Rxf3
Be8 22. Ref1 Rg5 23. Bxe4 dxe4 24. Rh3 Rfg8 25. Qc3 R8g7 26. Rf2 Bf7 27. a3 Bd5
28. Qa5 Rg8 29. Qb6 R5g7 30. Nh5 Rg5 31. Nf4 Qd7 32. Rc2 Bf7 33. g3 h5 34. d5
R8g7 35. Rd2 Rh7 36. Qd4+ Kg8 37. dxc6 Qxd4 38. Rxd4 bxc6 39. Rd8+ Kg7 40. Rd7
Rg4 41. Rxh5 Rxh5 42. Nxh5+ Kf8 43. Nf4 Bc4 44. Rd6 Rg7 45. Ne6+ Bxe6 46. Rxe6
Rb7 47. b4 a5 48. Rxc6 axb4 49. axb4 Rxb4 50. Rf6+ Ke7 51. Rxf5 Rb1+ 52. Kg2 Re1
53. Re5+ Kf6 54. Rxe4 Kf5 55. Rf4+ Kg5 56. e4 Re2+ 57. Kg1 Ra2 58. h4+ Kg6 59.
Rf2 Ra1+ 60. Kg2 Ra3 61. Re2 Kf6 62. e5+ Ke6 63. Kh3 Ra4 64. h5 Rb4 65. g4 Ra4
66. Kh4 Rb4 67. h6 Rb8 68. g5 Kf5 69. e6 Rb4+ 70. Kh5 Rb1 71. Rh2 Kxe6 72. h7
{Black resigns} 1-0

[Event "Team 45 45 League T46"]
[Site "Internet Chess Club"]
[Date "2010.08.20"]
[Round "3"]
[White "Wheels"]
[Black "chessateer"]
[Result "0-1"]
[WhiteElo "1890"]
[BlackElo "1858"]
[Opening "Petrov: classical attack, Marshall variation"]
[ECO "C42"]
[Time "12:00:39"]
[TimeControl "2700+45"]

1. e4 e5 2. Nf3 Nf6 3. Nxe5 d6 4. Nf3 Nxe4 5. d4 d5 6. Bd3 Bd6 7. O-O Bg4 8. h3
Bh5 9. c4 O-O 10. cxd5 f5 11. Nc3 Nd7 12. Nxe4 fxe4 13. Bxe4 Nf6 14. Bd3 Nxd5
15. Be4 Nf4 16. Qb3+ Kh8 17. Kh1 Qe7 18. Re1 Bxf3 19. Qxf3 Rae8 20. Bd2 Qh4 21.
Qg3 Nxg2 22. Qxh4 Nxh4 23. Kg1 Rxe4 24. Rxe4 Nf3+ 25. Kg2 Nxd2 26. Re2 Nc4 27.
b3 Nb6 28. Rae1 Nd5 29. Re8 Kg8 30. R8e4 Nf4+ 31. Kf1 Nxh3 32. R1e2 Nf4 33. Rc2
h5 34. a4 h4 {White resigns} 0-1

[Event "Team 45 45 League T46"]
[Site "Internet Chess Club"]
[Date "2010.08.19"]
[Round "3"]
[White "ddlj81"]
[Black "Philly-Boy"]
[Result "0-1"]
[WhiteElo "1772"]
[BlackElo "1895"]
[Opening "Scandinavian defense"]
[ECO "B01"]
[Time "23:03:55"]
[TimeControl "2700+45"]

1. e4 d5 2. exd5 Nf6 3. d4 Bg4 4. Be2 Bxe2 5. Qxe2 Qxd5 6. Nf3 Nc6 7. c4 Qe4 8.
Nc3 Qxe2+ 9. Kxe2 e6 10. Rd1 h6 11. Nb5 O-O-O 12. Bf4 a6 13. Nxc7 Nh5 14. Be5
Nxe5 15. Nxe5 Kxc7 16. Nxf7 Bd6 17. Nxh8 Rxh8 18. c5 Be7 19. g3 Nf6 20. Rab1 Nd5
21. Rd3 Bf6 22. Rc1 Re8 23. Kf1 Kc6 24. a3 Nc7 25. Rc4 Rd8 26. a4 e5 27. Rb3
exd4 28. Rb6+ Kd5 29. Rc1 Ne6 30. b4 Rd7 31. c6 bxc6 32. Rcxc6 Nc7 33. Ke2 d3+
34. Kxd3 Bd4 35. Rxc7 Rxc7 36. Rxa6 Bxf2 37. b5 Ra7 38. Rg6 Bd4 39. b6 Rxa4 40.
b7 Rb4 41. Ra6 Rb3+ 42. Ke2 Rxb7 43. Kf3 Rb2 44. Ra5+ Ke6 45. h3 Rb3+ 46. Kg2
Be5 47. Ra6+ Bd6 48. Kf2 Ra3 49. Rb6 Kd5 50. Rb7 Rxg3 51. h4 Rg6 52. Rb3 Rg4 53.
Rd3+ Ke6 54. Rh3 Kf5 55. Kf3 Ra4 56. Kg2 Ra2+ 57. Kf1 Ra3 {White resigns} 0-1

[Event "Team 45 45 League T46"]
[Site "Internet Chess Club"]
[Date "2010.08.22"]
[Round "3"]
[White "b-spot"]
[Black "touchthis"]
[Result "1/2-1/2"]
[WhiteElo "1755"]
[BlackElo "1720"]
[Opening "QGD: Chigorin defense"]
[ECO "D07"]
[Time "12:00:06"]
[TimeControl "2700+45"]

1. d4 d5 2. c4 Nc6 3. cxd5 Qxd5 4. e3 e5 5. Nc3 Bb4 6. Bd2 Bxc3 7. bxc3 Nf6 8.
f3 O-O 9. Ne2 exd4 10. cxd4 Re8 11. Kf2 Qd6 12. Qb3 a5 13. a4 Be6 14. Qb2 Nb4
15. Nf4 Nfd5 16. Nxe6 Rxe6 17. e4 Nf4 18. Bxb4 Qxb4 19. Qxb4 axb4 20. Ke3 Nd5+
21. Kd3 Nc3 22. Kc4 Nxa4 23. Kxb4 Rb6+ 24. Bb5 c6 25. Rxa4 Rxb5+ 26. Ka3 Rxa4+
27. Kxa4 Rb2 28. Rg1 Kf8 29. d5 c5 30. Ka3 Rb4 31. Rc1 b6 32. Rc2 Ke7 33. e5 Rd4
34. d6+ Ke6 35. Re2 Kd7 36. Kb3 Kc6 37. Ra2 Kb7 {Game drawn by mutual agreement}
1/2-1/2

[Event "Team 45 45 League T46"]
[Site "Internet Chess Club"]
[Date "2010.08.25"]
[Round "3"]
[White "parrot9"]
[Black "BrerRabbit"]
[Result "1-0"]
[WhiteElo "1647"]
[BlackElo "1562"]
[Opening "Pirc defense"]
[ECO "B07"]
[Time "14:05:28"]
[TimeControl "2700+45"]

1. e4 d6 2. d4 Nf6 3. Nc3 g6 4. f3 c6 5. Be3 b5 6. Qd2 Nbd7 7. g4 Nb6 8. O-O-O
Nc4 9. Bxc4 bxc4 10. h4 h5 11. gxh5 Nxh5 12. Nge2 Bg7 13. Nf4 a5 14. Nce2 Qb6
15. e5 d5 16. Nxh5 Rxh5 17. Ng3 Rh8 18. h5 gxh5 19. Nxh5 Bf8 20. Nf6+ exf6 21.
Rxh8 Ke7 22. exf6+ Ke8 23. Bh6 Rb8 24. Rxf8+ Kd7 25. c3 a4 26. Qe2 Kc7 27. Rxf7+
Bd7 28. Bf4+ Kc8 29. Rf8+ Kb7 30. Rxb8+ Ka7 31. Rxb6 {Black resigns} 1-0